 Dungeon Crawl Stone Soup version 0.30-a0-622-gddc90eaa04 (webtiles) character file.

Game seed: 7472053916992961697

4732 wormed the Transmogrifier (level 10, -17/79 HPs)
             Began as an Octopode Transmuter on Jan 11, 2023.
             Was an Initiate of Gozag.
             Killed from afar by a steam dragon (22 damage)
             ... with a ball of steam
             ... on level 8 of the Dungeon.
             The game lasted 00:13:32 (9523 turns).

wormed the Transmogrifier (Octopode Transmuter)     Turns: 9523, Time: 00:13:33

Health: -17/79     AC:  8    Str: 10    XL:     10   Next: 46%
Magic:  19/19      EV: 11    Int: 20    God:    Gozag
Gold:   557        SH:  0    Dex: 12    Spells: 15/21 levels left

rFire   . . .      SeeInvis .      - Unarmed
rCold   + + +      Faith    .    (shield currently unavailable)
rNeg    . . .      Spirit   .    (helmet currently unavailable)
rPois   +          Reflect  .    (no amulet)
rElec   +          Harm     .    (no ring)
rCorr   +          Rampage  .    (no ring)
Will    .....                    (no ring)
Stlth   +                        (no ring)
HPRegen 0.33/turn                (no ring)
MPRegen 0.16/turn                (no ring)
                                 (no ring)
                                 (no ring)

@: confused, about to teleport, ice-form, resistant, ambrosia-drunk, wereblooded
A: freezing attack, boosted hp, almost no armour, amphibious, 8 rings, large,
(camouflage 1), (gelatinous body 1), (nimble swimmer 1), (tentacles)
a: End Transformation, Renounce Religion, Potion Petition, Call Merchant, Bribe
Branch


You were on level 8 of the Dungeon.
You worshipped Gozag.
Gozag was pleased with you.
You were a creature of crystalline ice.
You visited 2 branches of the dungeon, and saw 9 of its levels.
You also visited: Sewer.

You collected 1289 gold pieces.
You paid 732 gold pieces to Gozag.

Inventory:

Missiles
 m - a throwing net
Magical Staves
 d - a staff of cold (melded)
 k - a staff of air
Wands
 o - a wand of flame (17) (quivered)
 u - a wand of light (1)
Scrolls
 b - 4 scrolls of teleportation
 c - 2 scrolls of brand weapon
 g - a scroll of enchant armour
 i - a scroll of fog
 r - 2 scrolls of amnesia
Potions
 a - 4 potions of lignification
 e - 3 potions of flight
 f - 2 potions of attraction
 l - a potion of brilliance
 p - a potion of might
 q - a potion of magic {unknown}
 s - a potion of degeneration {unknown}


   Skills:
 + Level 5.0 Fighting
 + Level 5.4 Dodging
 + Level 5.8 Unarmed Combat
 + Level 6.3 Spellcasting
 * Level 9.6 Transmutations
 - Level 4.0 Ice Magic


You had 15 spell levels left.
You knew the following spells:

 Your Spells              Type           Power      Damage    Failure   Level
a - Ice Form              Ice/Tmut       33%        N/A       6%          4
b - Wereblood             Tmut           44%        N/A       1%          2

Your spell library contained the following spells:

 Spells                   Type           Power      Damage    Failure   Level
 Beastly Appendage        Tmut           88%        N/A       1%          1
 Spider Form              Tmut/Pois      25%        N/A       4%          3
 Kiss of Death            Conj/Necr      24%        2d7       10%         1
 Slow                     Hex            24%        N/A       10%         1
 Confusing Touch          Hex            6%         N/A       30%         3
 Gell's Gravitas          Tloc           6%         N/A       30%         3
 Lesser Beckoning         Tloc           12%        N/A       30%         3
 Teleport Other           Tloc           6%         N/A       30%         3
 Vampiric Draining        Necr           6%         2d6       30%         3
 Dispel Undead            Necr           6%         3d8       69%         4
 Borgnjor's Vile Clutch   Necr/Erth      3%         N/A       95%         5
 Death Channel            Necr           3%         N/A       100%        6
 Animate Dead             Necr           Unusable   N/A       N/A         4

Dungeon Overview and Level Annotations

Branches:
Dungeon (8/15)             Temple (1/1) D:4           Sewer (visited)
   Lair: D:8-11

Altars:
Ashenzari
Cheibriados
Dithmenos
Elyvilon
Gozag
Kikubaaqudgha
Nemelex Xobeh
Okawaru
Qazlal
Ru
Sif Muna
Vehumet
Wu Jian
Xom
Zin
The Shining One

Shops:
D:7 :

Annotations:
D:6 1 runed translucent door, drugrobin's ghost, novice DgDe


Innate Abilities, Weirdness & Mutations

You are a creature of crystalline ice.
You have a powerful freezing melee attack.
Your maximum health is increased.
Your armour is entirely melded.
You are incapable of wielding weapons or throwing items.
You cannot wear most types of armour.
You are amphibious.
You can wear up to eight rings at the same time.
((Your skin changes colour to match your surroundings (Stealth+).))
((Your rubbery body absorbs attacks. (AC +1, EV +1)))
((You are camouflaged when in or above water. (Stealth+)))
((You have tentacles for arms and can constrict up to eight enemies at once.))


Message History

The steam dragon claws you but does no damage.
The steam dragon breathes steam at you. The ball of steam hits you!!
The steam scalds you terribly!
You punch the steam dragon! You freeze the steam dragon.
The steam dragon is severely wounded.
You are engulfed in a cloud of scalding steam.
The orc warrior hits you with a +0 battleaxe!!
* * * LOW HITPOINT WARNING * * *
The steam dragon closely misses you.
The steam dragon claws you but does no damage.
You feel much better. The orc warrior closely misses you.
The steam dragon breathes steam at you. The ball of steam hits you!
The steam scalds you terribly!
You hit the steam dragon. You freeze the steam dragon.
The steam dragon is severely wounded.
You are engulfed in a cloud of scalding steam.
The orc warrior hits you with a +0 battleaxe!
* * * LOW HITPOINT WARNING * * *
As you read the scroll of teleportation, it crumbles to dust.
You feel strangely unstable.
You are engulfed in a cloud of scalding steam.
* * * LOW HITPOINT WARNING * * *
The steam dragon closely misses you. x2
The orc warrior is engulfed in a cloud of scalding steam.
The orc warrior barely misses you.
You feel protected.
You are engulfed in a cloud of scalding steam.
* * * LOW HITPOINT WARNING * * *
The steam dragon bites you.
* * * LOW HITPOINT WARNING * * *
The steam dragon closely misses you. The orc warrior barely misses you.
You are confused.
You feel invigorated.
You are engulfed in a cloud of scalding steam.
The steam dragon closely misses you. The steam dragon claws you.
* * * LOW HITPOINT WARNING * * *
The steam dragon breathes steam at you. The ball of steam hits you!!
You die...
Your body crumbles into a pile of gold.

..... #......
###########......
#..............########
#..............#......^
#..............#.......
#..............#....... ..
#....oD........#......<
.####....DY.$$.....##.#####
#....##+########....#.####
#.§..# #....'....# #§.§.#
#....#....# #####§§..##
#....##..## #......§..#
##....#### #......<§.#
#....# #.....o§§.# #....#
#.....oo§.# #....#


You could see 2 steam dragons and an orc warrior.

Vanquished Creatures
  Pikel (D:5)
  3 yaks (D:5)
  Edmund (D:6)
  A water moccasin (D:7)
  4 ice beasts (D:6)
  3 orc warriors
  A centaur (D:6)
  10 ogres
  2 lemures (D:5)
  5 kobold brigands
  3 phantoms
  A bullfrog (D:6)
  A necrophage (D:5)
  2 gnoll sergeants
  2 scorpions
  7 hounds
  A jelly (D:4)
  5 gnoll boudas (D:7)
  An orc priest (D:6)
  Crazy Yiuf (D:5)
  3 iguanas
  6 orc wizards
  Ijyb (D:5)
  Natasha (thrice) (D:3)
  23 gnolls
  8 adders
  A river rat (Sewer)
  An ufetubus (D:6)
  2 worms
  20 orcs
  3 endoplasms (D:1)
  3 giant cockroaches
  9 goblins
  3 hobgoblins
  4 jackals
  15 kobolds
  3 quokkas
  3 ball pythons
  8 bats
  3 frilled lizards
  8 rats
185 creatures vanquished.

Vanquished Creatures (others)
  3 fungi (D:7)
  9 plants (D:7)
12 creatures vanquished.

Grand Total: 197 creatures vanquished

Notes
Turn   | Place    | Note
-------+----------+-------------------------------------------
     0 | D:1      | wormed the Octopode Transmuter began the quest for the Orb.
     0 | D:1      | Reached XP level 1. HP: 13/13 MP: 3/3
   258 | D:1      | Reached XP level 2. HP: 18/18 MP: 3/5
   291 | D:1      | Learned a level 2 spell: Wereblood
   566 | D:1      | You fall into a shaft and drop 1 floor!
   597 | D:2      | Reached skill level 1 in Ice Magic
   597 | D:2      | Reached XP level 3. HP: 17/23 MP: 0/6
   737 | D:2      | Found a broken altar of Ashenzari.
  1091 | D:1      | Reached skill level 3 in Transmutations
  1606 | D:2      | Found a glowing golden altar of the Shining One.
  1788 | D:3      | Noticed Natasha
  1798 | D:3      | Killed Natasha
  1799 | D:3      | Reached XP level 4. HP: 19/28 MP: 4/7
  1804 | D:3      | Learned a level 4 spell: Ice Form
  2015 | D:3      | Noticed Natasha
  2027 | D:3      | Killed Natasha
  2028 | D:3      | Reached XP level 5. HP: 12/33 MP: 4/9
  2131 | D:3      | Noticed Natasha
  2239 | D:4      | Reached skill level 4 in Transmutations
  2273 | D:4      | Noticed a phantom
  2283 | D:4      | Killed a phantom
  2293 | D:4      | Reached XP level 6. HP: 38/38 MP: 5/10
  2500 | D:4      | Reached skill level 5 in Transmutations
  2620 | D:4      | Found a glowing drain.
  2714 | Sewer    | Entered a sewer
  2821 | Sewer    | Reached XP level 7. HP: 43/43 MP: 4/12
  2972 | Sewer    | Found a glowing silver altar of Zin.
  3131 | D:4      | Found a staircase to the Ecumenical Temple.
  3157 | Temple   | Entered the Ecumenical Temple
  3325 | Temple   | Became a worshipper of Gozag Ym Sagoz the Greedy
  3416 | D:4      | Found a broken altar of Ashenzari.
  4015 | D:3      | Killed Natasha
  4099 | D:3      | Reached skill level 6 in Transmutations
  4148 | D:3      | Found the +5 woodcutter's axe
  4583 | D:5      | Entered Level 5 of the Dungeon
  4713 | D:5      | Noticed a yak
  4732 | D:5      | Found a runed translucent door.
  4733 | D:5      | Noticed Crazy Yiuf
  4740 | D:5      | Killed Crazy Yiuf
  4780 | D:5      | Noticed a yak
  4780 | D:5      | Noticed a yak
  4795 | D:5      | Killed a yak
  4796 | D:5      | Reached XP level 8. HP: 42/48 MP: 9/14
  4803 | D:5      | Killed a yak
  4809 | D:5      | Killed a yak
  4923 | D:5      | Noticed Pikel
  5107 | D:5      | Reached skill level 7 in Transmutations
  5147 | D:5      | Killed Pikel
  5148 | D:5      | Reached skill level 5 in Spellcasting
  5148 | D:5      | Reached XP level 9. HP: 42/56 MP: 14/16
  5240 | D:5      | Noticed Ijyb
  5253 | D:5      | Killed Ijyb
  5541 | D:5      | Reached skill level 8 in Transmutations
  5879 | D:5      | Found a sparkling altar of Nemelex Xobeh.
  5881 | D:5      | Found a glowing silver altar of Zin.
  6435 | D:6      | Found a runed translucent door.
  6435 | D:6      | Found a shimmering altar of Xom.
  6435 | D:6      | Noticed drugrobin's ghost (novice DgDe)
  6590 | D:6      | Reached skill level 5 in Unarmed Combat
  6738 | D:6      | Noticed Edmund
  6757 | D:6      | Killed Edmund
  6954 | D:6      | Reached XP level 10. HP: 65/65 MP: 14/18
  7032 | D:6      | Reached skill level 9 in Transmutations
  7400 | D:6      | Noticed a +1 war axe of chaos
  7667 | D:7      | Reached skill level 5 in Dodging
  8846 | D:7      | Reached skill level 5 in Fighting
  9522 | D:8      | HP: 3/79 [steam dragon (2)]
  9523 | D:8      | Killed from afar by a steam dragon

Illustrated notes

Levels and vault maps discovered:
D:1:      lemuel_arrival_river_bridge, layout_loops_ring
D:2:      layout_loops_cross, basic_altar, corexii_leaking_fountain,
          kennysheep_donut, minmay_hexomino_r4
D:3:      layout_rooms, pf_guarded_unrand_woodcutter, uniq_natasha
D:4:      layout_loops_ring, marbit_many_paths, temple_doors_e,
          cheibrodos_sewer_entry_drain, minmay_splitting_lines
D:5:      layout_cave_pools, minitemple, kennysheep_doodads,
          cheibrodos_gnoll_hut, uniq_crazy_yiuf_cottage, uniq_pikel, uniq_ijyb
D:6:      layout_cave_pods, ebering_ghost_xom, kennysheep_generic_room_5,
          uniq_edmund
D:7:      kennysheep_seaside_town, layout_basic, nicolae_lava_and_water
D:8:      layout_gridville, uniq_maurice
Temple:   dpeg_five_rooms_temple

Skill      XL: |  1  2  3  4  5  6  7  8  9 10 |
---------------+-------------------------------+-----
Ice Magic      | 1 2 3 4 |  4.0
Transmutations | 3 4 5 6 7 8 9 |  9.6
Spellcasting   | 3 4 5 6 |  6.3
Fighting       | 3 4 5 |  5.0
Dodging        | 3 4 5 |  5.4
Unarmed Combat | 4 5 |  5.8

Action                   |  1- 3 |  4- 6 |  7- 9 | 10-12 || total
-------------------------+-------+-------+-------+-------++-------
Melee: Unarmed           |    56 |    87 |   262 |   143 ||   548
       Kick              |    19 |    10 |     2 |       ||    31
       Constrict         |    14 |    11 |     4 |     4 ||    33
       Tentacles         |    11 |     8 |     4 |     5 ||    28
       Punch             |     1 |       |     1 |     1 ||     3
       Staff             |       |    10 |    11 |    13 ||    34
Throw: Throwing net      |       |     1 |       |       ||     1
 Cast: Beastly Appendage |    22 |     4 |     1 |       ||    27
       Wereblood         |    15 |     5 |    25 |    12 ||    57
       Ice Form          |       |     7 |    27 |    12 ||    46
Invok: Call Merchant     |       |       |       |     1 ||     1
Evoke: Wand              |       |       |     2 |     4 ||     6
  Use: Scroll            |    11 |     1 |     6 |     5 ||    23
       Potion            |       |     2 |     3 |     4 ||     9
 Stab: Sleeping          |     3 |     1 |       |       ||     4
       Distracted        |       |       |     2 |     1 ||     3
Armor: Skin              |     5 |    26 |   115 |    33 ||   179
Dodge: Dodged            |    40 |    59 |   139 |    80 ||   318

Table legend: (Time is in decaauts)
 A = Elapsed time spent in this place.
 B = Non-inter-level travel time spent in this place.
 C = Inter-level travel time spent in this place.
 D = Time resting spent in this place.
 E = Time spent auto-exploring this place.
 F = Levels seen in this place.
 G = Mean time per level.
                   A        B        C        D        E       F      G
               +--------+--------+--------+--------+--------+-----+--------+
         Total |   9505 |   9066 |    439 |    226 |   7251 |  10 |  950.5 |
       Dungeon |   8948 |   8585 |    363 |    226 |   6880 |   8 | 1118.5 |
        Temple |    217 |    141 |     76 |      0 |    133 |   1 |  217.0 |
         Sewer |    338 |    338 |      0 |      0 |    238 |   1 |  338.0 |
               +--------+--------+--------+--------+--------+-----+--------+

Top non-repeatable levels by time:
     D:7: 1847 daAuts
     D:5: 1568 daAuts
     D:6: 1428 daAuts
     D:4: 1322 daAuts
     D:3: 955 daAuts
     D:2: 893 daAuts
     D:1: 856 daAuts
   Sewer: 338 daAuts
  Temple: 217 daAuts
     D:8: 75 daAuts
